Map: Dash and Terminal LE (Void)

Players

MoonLjth

  • Race: Protoss Protoss
  • League: Grandmaster

iQuitBYE

  • Race: Protoss Protoss
  • League: Grandmaster

Ilikeitdirty - Winner!

  • Race: Protoss Protoss
  • League: Platinum

TheDounat - Winner!

  • Race: Protoss Protoss
  • League: Diamond

VOD

Have the link to the VOD?

Description

Time

  • Played on: Oct. 3, 2015, 5:21 p.m.
  • Length: 9:44
Show
View Real Time Build Order
Export as new Build Order

MoonLjth Protoss 

Build Orders: Dark Templar Rush 

Get SALT Encoding   

  12  0:01  Probe (Chrono Boost)  
  13  0:15  Pylon  
  13  0:17  Probe (Chrono Boost)  
  14  0:27  Probe (Chrono Boost)  
  15  0:34  Gateway  
  15  0:39  Probe (Chrono Boost)  
  16  0:43  Assimilator  
  16  0:49  Probe (Chrono Boost)  
  17  0:56  Assimilator  
  17  1:00  Probe (Chrono Boost)  
  18  1:09  Pylon  
  18  1:10  Probe (Chrono Boost)  
  19  1:21  Probe (Chrono Boost)  
  19  1:23  Cybernetics Core  
  20  1:31  Probe (Chrono Boost)  
  21  1:38  Pylon  
  21  1:42  Probe (Chrono Boost)  
  22  1:52  Probe (Chrono Boost)  
  23  1:59  Warp Gate (Chrono Boost)  
  23  2:03  Mothership Core (Chrono Boost)  
  25  2:09  Twilight Council  
  25  2:14  Stalker (Chrono Boost)  
  27  2:45  Gateway  
  27  2:50  Dark Shrine  
  27  2:51  Gateway  
  27  2:55  Stalker (Chrono Boost)  
  29  3:08  Gateway  
  29  3:39  Pylon  
  29  3:58  Pylon  
  29  4:17  Dark Templar x3  
  29  4:19  Stalker, Pylon  
  37  4:46  Stalker  
  35  4:56  Stalker  
  35  4:57  Stalker x2  
  35  4:59  Probe  
  40  5:13  Stalker  
  37  5:21  Stalker x2  
  39  5:29  Stalker  
  41  5:37  Nexus  
  41  5:41  Probe  
  42  5:54  Probe  
  42  5:55  Dark Templar  
  45  6:09  Stalker x2  
  49  6:16  Stalker  
  51  6:26  Probe  
  48  6:38  Stalker x2, Probe  
  53  6:48  Stalker  
  53  6:50  Probe  
  50  7:10  Blink (Chrono Boost)  
  50  7:13  Probe  
  51  7:22  Pylon  
  51  7:25  Probe  
  51  7:29  Probe  
  53  7:38  Stalker x3  
  53  7:44  Probe  
  59  7:45  Probe  
  60  7:57  Probe  
  58  8:01  Pylon  
  58  8:02  Assimilator  
  58  8:05  Assimilator  
  56  8:07  Stalker x2  
  56  8:09  Stalker  
  56  8:11  Probe  
  63  8:12  Probe  
  57  8:31  Probe  
  57  8:33  Probe  
  59  8:42  Probe  
  59  8:45  Probe  
  61  8:52  Probe  
  62  8:57  Probe  
  63  9:03  Probe  
  63  9:08  Stalker x2  
  63  9:09  Probe  
  69  9:14  Probe  
  70  9:21  Probe  
  63  9:24  Probe  
  63  9:27  Zealot  
  63  9:28  Zealot  
  58  9:41  Zealot x2  
Show
View Real Time Build Order
Export as new Build Order

iQuitBYE Protoss 

Build Orders: 1 Gate Expand 

Get SALT Encoding   

  12  0:01  Probe (Chrono Boost)  
  13  0:11  Probe (Chrono Boost)  
  14  0:22  Probe (Chrono Boost), Pylon  
  15  0:40  Gateway, Probe (Chrono Boost)  
  16  0:51  Probe (Chrono Boost)  
  17  1:01  Probe (Chrono Boost)  
  18  1:12  Probe (Chrono Boost)  
  18  1:17  Assimilator  
  19  1:19  Assimilator  
  19  1:27  Cybernetics Core  
  19  1:29  Probe (Chrono Boost)  
  20  1:39  Nexus  
  20  1:42  Probe (Chrono Boost)  
  21  1:52  Probe (Chrono Boost)  
  22  2:03  Pylon  
  22  2:05  Warp Gate  
  22  2:07  Probe (Chrono Boost)  
  23  2:21  Mothership Core (Chrono Boost)  
  23  2:22  Pylon  
  24  2:37  Robotics Facility  
  24  2:40  Probe (Chrono Boost)  
  24  2:41  Forge  
  25  2:50  Probe (Chrono Boost)  
  26  2:52  Probe (Chrono Boost)  
  27  3:00  Stalker  
  27  3:01  Probe (Chrono Boost)  
  27  3:05  Probe (Chrono Boost)  
  31  3:14  Protoss Ground Weapons Level 1  
  31  3:15  Probe (Chrono Boost)  
  31  3:16  Probe (Chrono Boost)  
  33  3:23  Observer  
  33  3:25  Photon Cannon  
  34  3:30  Probe (Chrono Boost)  
  34  3:31  Probe (Chrono Boost)  
  36  3:41  Gateway  
  36  3:47  Gateway  
  36  3:52  Observer  
  36  3:53  Probe (Chrono Boost)  
  36  3:54  Probe (Chrono Boost)  
  39  4:03  Probe (Chrono Boost)  
  39  4:05  Pylon  
  39  4:06  Probe (Chrono Boost)  
  40  4:17  Immortal  
  40  4:18  Pylon  
  40  4:19  Photon Cannon  
  44  4:35  Stalker  
  44  4:36  Pylon  
  45  4:55  Stalker  
  45  4:58  Stalker x2, Probe (Chrono Boost)  
  45  4:59  Probe (Chrono Boost)  
  52  5:08  Probe (Chrono Boost)  
  52  5:11  Probe (Chrono Boost)  
  52  5:13  Photon Cannon  
  50  5:19  Probe (Chrono Boost)  
  49  5:25  Immortal  
  49  5:27  Stalker  
  49  5:28  Stalker  
  49  5:34  Probe (Chrono Boost)  
  54  5:38  Stalker  
  56  5:52  Stalker  
  56  5:53  Stalker  
  60  5:57  Pylon  
  60  5:59  Pylon  
  60  6:02  Stalker  
  61  6:16  Probe (Chrono Boost)  
  60  6:21  Stalker  
  60  6:33  Immortal  
  60  6:36  Stalker x2  
  68  6:42  Gateway  
  68  6:45  Gateway  
  66  6:50  Adept  
  68  6:55  Pylon  
  68  6:58  Probe (Chrono Boost)  
  69  7:05  Twilight Council  
  69  7:11  Adept x2  
  69  7:14  Warp Prism  
  73  7:16  Adept  
  77  7:26  Probe (Chrono Boost)  
  79  7:33  Photon Cannon  
  79  7:34  Probe (Chrono Boost), Pylon  
  79  7:37  Assimilator  
  79  7:39  Blink  
  79  7:40  Assimilator  
  79  7:50  Probe (Chrono Boost)  
  80  7:57  Probe (Chrono Boost)  
  81  8:02  Probe (Chrono Boost)  
  81  8:04  Adept x2  
  81  8:05  Adept  
  84  8:09  Probe (Chrono Boost)  
  85  8:14  Pylon  
  85  8:26  Probe (Chrono Boost)  
  86  8:30  Probe (Chrono Boost)  
  87  8:38  Adept x2  
  87  8:39  Adept x2  
  95  8:48  Dark Shrine  
  95  9:01  Nexus  
  95  9:05  Probe (Chrono Boost)  
  96  9:10  Stalker  
  96  9:13  Probe (Chrono Boost)  
  96  9:16  Observer  
  101  9:17  Probe (Chrono Boost)  
  96  9:25  Probe (Chrono Boost)  
  92  9:33  Probe (Chrono Boost)  
  92  9:37  Adept x2  
  92  9:38  Adept  
  100  9:39  Pylon  
  100  9:40  Sentry  
Show
View Real Time Build Order
Export as new Build Order

Ilikeitdirty Protoss - Winner!

Build Orders:  

Get SALT Encoding   

Show
View Real Time Build Order
Export as new Build Order

TheDounat Protoss - Winner!

Build Orders:  

Get SALT Encoding   

Tags
 
Add a new tag
Caveats
  • Supply blocks, unpowered buildings, or Contaminate may cause inaccurate times.
  • Supply counts are checked every 10 seconds.